 Dungeon Crawl Stone Soup version 0.30-a0-782-ge64f9170bb (webtiles) character file.

Game seed: 7528076075064097943

389 Crownlay the Changer (level 6, 0/39 HPs)
             Began as an Octopode Transmuter on Feb 26, 2023.
             Was an Initiate of Gozag.
             Killed by divine providence
             ... invoked by an orc priest
              (14 damage)
             ... on level 4 of the Dungeon.
             The game lasted 00:07:46 (3679 turns).

Crownlay the Changer (Octopode Transmuter)          Turns: 3679, Time: 00:07:47

Health: 0/39       AC:  2    Str: 10    XL:     6   Next: 79%
Magic:  6/9        EV: 19    Int: 17    God:    Gozag
Gold:   340        SH:  5    Dex: 17    Spells: 3/9 levels left

rFire   . . .      SeeInvis .      - Unarmed
rCold   . . .      Faith    .    (shield currently unavailable)
rNeg    . . .      Spirit   .    (helmet currently unavailable)
rPois   x          Reflect  +    f - amulet of reflection
rElec   .          Harm     .    (no ring)
rCorr   .          Rampage  .    (no ring)
Will    .....                    (no ring)
Stlth   ++                       (no ring)
HPRegen 0.26/turn                (no ring)
MPRegen 0.11/turn                (no ring)
                                 (no ring)
                                 (no ring)

@: lethally poisoned (0 -> -4), spider-form
A: venomous fangs, almost no armour, (amphibious), 8 rings, tiny, (camouflage
1), (gelatinous body 1), (nimble swimmer 1), (tentacles)
a: End Transformation, Renounce Religion, Potion Petition, Call Merchant, Bribe
Branch


You were on level 4 of the Dungeon.
You worshipped Gozag.
Gozag was aware of your devotion.
You were a venomous arachnid creature.
You visited 1 branch of the dungeon, and saw 4 of its levels.

You collected 347 gold pieces.
You paid 7 gold pieces to Gozag.

Inventory:

Jewellery
 f - an amulet of reflection (around neck)
 s - a ring of protection from fire
Wands
 q - a wand of flame (36)
 t - a wand of paralysis (9)
Scrolls
 c - 2 scrolls of teleportation
 d - a scroll of fear {unknown}
 e - a scroll of identify
 g - a scroll of amnesia {unknown}
 k - a scroll of summoning {unknown}
 m - a scroll of brand weapon {unknown}
 n - a scroll of noise {unknown}
 p - a scroll of immolation {unknown}
 r - a scroll of magic mapping {unknown}
Potions
 a - a potion of lignification
 b - 2 potions of curing
 h - 2 potions of mutation {unknown}
 i - a potion of heal wounds
 j - a potion of flight {unknown}
 l - a potion of magic {unknown}
 o - a potion of degeneration {unknown}


   Skills:
 - Level 2.0 Fighting
 + Level 2.5 Dodging
 + Level 4.2 Unarmed Combat
 - Level 2.0 Spellcasting
 * Level 4.8 Transmutations
 + Level 1.9 Ice Magic
 + Level 2.3 Poison Magic


You had 3 spell levels left.
You knew the following spells:

 Your Spells              Type           Power      Damage    Failure   Level
a - Beastly Appendage     Tmut           36%        N/A       10%         1
b - Wereblood             Tmut           18%        N/A       13%         2
c - Spider Form           Tmut/Pois      13%        N/A       30%         3

Your spell library contained the following spells:

 Spells                   Type           Power      Damage    Failure   Level
 Sublimation of Blood     Necr           1%         N/A       50%         2
 Ice Form                 Ice/Tmut       13%        N/A       65%         4
 Summon Hydra             Summ           0%         N/A       100%        7


Dungeon Overview and Level Annotations

Branches:
Dungeon (4/15)             Temple (0/1) D:4

Altars:
Gozag

Shops:
D:1 =   D:3 [


Innate Abilities, Weirdness & Mutations

You are a venomous arachnid creature.
You have venomous fangs.
You are tiny and dextrous.
Your spellcasting is less reliable in this form.
Your armour is entirely melded.
You are incapable of wielding weapons or throwing items.
You cannot wear most types of armour.
((You are amphibious.))
You can wear up to eight rings at the same time.
((Your skin changes colour to match your surroundings (Stealth+).))
((Your rubbery body absorbs attacks. (AC +1, EV +1)))
((You are camouflaged when in or above water. (Stealth+)))
((You have tentacles for arms and can constrict up to eight enemies at once.))


Message History

The orc priest mumbles some strange prayers to Beogh against you.
Beogh smites you!
You completely miss the orc priest. Your grab misses the orc priest.
The orc priest is moderately wounded.
You block the orc priest's attack. The kobold misses you.
You closely miss the orc priest. Your grab misses the orc priest.
You pierce the orc priest.
The orc priest is heavily wounded.
The adder closely misses you. The kobold barely misses you.
You block the orc priest's attack.
Casting: Beastly Appendage (safe; 2% risk of failure)
Confirm with . or Enter, or press ? or * to list all spells.
The spell is quite dangerous to miscast (13% risk of failure)!
Continue anyway?
Your tentacle spike disappears.
You turn into a venomous arachnid creature.
The adder bites you but does no damage. You block the orc priest's attack.
The kobold hits you but does no damage.
You hit the orc priest but do no damage.
The orc priest is poisoned.
The orc priest is heavily wounded.
The adder closely misses you. The orc priest hits you with a +0 club.
The kobold barely misses you. The adder completely misses you.
You barely miss the orc priest.
The orc priest is heavily wounded.
The orc priest closely misses you. The kobold misses you. The adder bites you.
You are poisoned.
The adder poisons you!
You hit the orc priest but do no damage.
The orc priest looks as sick as possible!
The orc priest is heavily wounded.
You feel sick. The adder misses you. The orc priest barely misses you.
The kobold misses you.
You hit the orc priest.
The orc priest looks as sick as possible!
The orc priest is severely wounded.
You feel sick. The adder bites you but does no damage.
The orc priest calls down the wrath of Beogh upon you.
Beogh smites you!
You die...
Your body crumbles into a pile of gold.

# #( #. .#.#
.####..###
$....... #.#...>
####.#...#
......SoK#
.......s#
####.#..# #....#
#.#.## .# #.#.#
###.# #.#.##
####.....
#....###.......#
##...............
#.......#.......#


You could see an orc priest (extremely poisoned), an adder and a kobold.

Vanquished Creatures
  A water moccasin (D:4)
  2 orc priests (D:4)
  Terence (D:3)
  Jessica (D:3)
  An orc wizard (D:4)
  Robin (D:3)
  6 adders
  A worm (D:3)
  A dart slug (D:2)
  2 orcs (D:4)
  7 endoplasms
  2 giant cockroaches
  11 goblins
  9 hobgoblins
  4 quokkas
  6 ball pythons
  8 bats
  2 frilled lizards (D:1)
  5 kobolds
  5 rats
76 creatures vanquished.

Notes
Turn   | Place    | Note
-------+----------+-------------------------------------------
     0 | D:1      | Crownlay the Octopode Transmuter began the quest for the
                  | Orb.
     0 | D:1      | Reached XP level 1. HP: 13/13 MP: 3/3
    17 | D:1      | Noticed a minotaur skeleton
    19 | D:1      | Noticed a formicid
   145 | D:1      | Found Gataoh's Jewellery Emporium.
   308 | D:1      | Reached XP level 2. HP: 17/18 MP: 3/5
   558 | D:1      | Found a faded altar of an unknown god.
   984 | D:1      | Learned a level 2 spell: Wereblood
   997 | D:1      | Reached XP level 3. HP: 16/23 MP: 3/6
  1029 | D:1      | Learned a level 3 spell: Spider Form
  1144 | D:2      | Identified the +2 pair of boots of Cahaist {Contam rPois
                  | Str+3}
  1185 | D:2      | Found an opulent altar of Gozag.
  1206 | D:2      | Became a worshipper of Gozag Ym Sagoz the Greedy
  1274 | D:2      | Reached XP level 4. HP: 27/29 MP: 2/7
  2384 | D:3      | Noticed Robin
  2395 | D:3      | Killed Robin
  2399 | D:3      | Reached XP level 5. HP: 34/34 MP: 5/8
  2611 | D:3      | Reached skill level 1 in Poison Magic
  2722 | D:3      | Noticed Terence
  2969 | D:3      | Found Giwkaew's Antique Armour Shop.
  3018 | D:3      | Noticed Jessica
  3031 | D:3      | Killed Jessica
  3032 | D:3      | Reached skill level 1 in Ice Magic
  3174 | D:3      | Killed Terence
  3566 | D:4      | Noticed a water moccasin
  3584 | D:4      | Killed a water moccasin
  3585 | D:4      | Reached XP level 6. HP: 39/39 MP: 4/9
  3665 | D:4      | Found a staircase to the Ecumenical Temple.
  3679 | D:4      | Killed from afar by an orc priest

Illustrated notes

Levels and vault maps discovered:
D:1:      shiori_arrival_whats_in_store_for_you, layout_basic,
          hellmonk_ecumenical_altar_run_dry, serial_shops, shop,
          minmay_misc_feat_cross
D:2:      layout_basic, basic_altar
D:3:      cheibrodos_old_hovel, layout_basic, serial_shops, shop, uniq_terence,
          uniq_robin, uniq_jessica
D:4:      layout_loops_ring, minmay_temple_entry_proselytizer,
          minmay_lizard_king

Skill      XL: |  1  2  3  4  5 |
---------------+----------------+-----
Transmutations | 3 4 |  4.8
Fighting       | 2 |  2.0
Poison Magic   | 2 |  2.3
Ice Magic      | 1 |  1.9
Unarmed Combat | 4 |  4.2
Dodging        | |  2.5
Spellcasting   | |  2.0

Action                     |  1- 3 |  4- 6 || total
---------------------------+-------+-------++-------
  Melee: Unarmed           |    59 |   128 ||   187
         Kick              |    11 |    29 ||    40
         Constrict         |    13 |    24 ||    37
         Tentacles         |     9 |    14 ||    23
         Punch             |       |     2 ||     2
   Cast: Beastly Appendage |    25 |    26 ||    51
         Wereblood         |     2 |     5 ||     7
         Spider Form       |       |     4 ||     4
    Use: Scroll            |       |     2 ||     2
         Potion            |       |     2 ||     2
   Stab: Sleeping          |     1 |     7 ||     8
         Distracted        |     1 |       ||     1
 Armour: Skin              |     3 |     8 ||    11
  Dodge: Dodged            |    38 |    62 ||   100
  Block: Other             |     7 |    30 ||    37
         Reflection        |     3 |     1 ||     4

Table legend: (Time is in decaauts)
 A = Elapsed time spent in this place.
 B = Non-inter-level travel time spent in this place.
 C = Inter-level travel time spent in this place.
 D = Time resting spent in this place.
 E = Time spent auto-exploring this place.
 F = Levels seen in this place.
 G = Mean time per level.
                   A        B        C        D        E       F      G
               +--------+--------+--------+--------+--------+-----+--------+
         Total |   3667 |   3532 |    135 |      0 |   2740 |   4 |  916.8 |
       Dungeon |   3667 |   3532 |    135 |      0 |   2740 |   4 |  916.8 |
               +--------+--------+--------+--------+--------+-----+--------+

Top non-repeatable levels by time:
     D:3: 1431 daAuts
     D:2: 1075 daAuts
     D:1: 1023 daAuts
     D:4: 138 daAuts
